 Dungeon Crawl Stone Soup version 0.29.1-12-g30fa7ad0bf (webtiles) character file.

Game seed: 5683532614383345792

74 wormed the Slasher (level 3, -2/30 HPs)
             Began as a Demigod Gladiator on Dec 28, 2022.
             Slain by an orc
             ... wielding a +0 hand axe
              (5 damage)
             ... on level 3 of the Dungeon.
             The game lasted 00:02:31 (2145 turns).

wormed the Slasher (Demigod Gladiator)              Turns: 2145, Time: 00:02:31

Health: -2/30      AC:  5    Str: 15    XL:     3   Next: 86%
Magic:  5/5        EV: 13    Int: 10    God:
Gold:   166        SH:  0    Dex: 19    Spells: 2/2 levels left

rFire   . . .      SeeInvis .   a - +0 long sword
rCold   . . .      Faith    .   (no shield)
rNeg    . . .      Spirit   .   b - +0 leather armour
rPois   .          Reflect  .   c - +0 helmet
rElec   .          Harm     .   (no cloak)
rCorr   .          Rampage  .   n - +0 pair of gloves
Will    .....                   (no boots)
Stlth   +.........              (no amulet)
HPRegen 0.10/turn               (no ring)
MPRegen 0.09/turn               (no ring)

@: confused, ambrosia-drunk
A: high MP 1, forlorn, divine attributes
a: no special abilities


You were on level 3 of the Dungeon.
You visited 1 branch of the dungeon, and saw 3 of its levels.

You collected 166 gold pieces.

Inventory:

Hand Weapons
 a - a +0 long sword (weapon)
Missiles
 d - 3 throwing nets (quivered)
 e - a javelin
Armour
 b - a +0 leather armour (worn)
 c - a +0 helmet (worn)
 n - a +0 pair of gloves (worn)
Scrolls
 f - 2 scrolls of teleportation {unknown}
 i - 3 scrolls of identify {unknown}
 k - a scroll of amnesia {unknown}
 m - a scroll of enchant armour {unknown}
 o - a scroll of noise {unknown}
Potions
 g - a potion of might {unknown}
 h - a potion of ambrosia
 j - a potion of heal wounds {unknown}
 l - a potion of haste {unknown}


   Skills:
 + Level 2.5 Fighting
 * Level 3.8 Long Blades
 - Level 2.0 Throwing
 - Level 3.0 Dodging


You had 2 spell levels left.
You didn't know any spells.
Your spell library contained the following spells:

 Spells                   Type           Power      Damage    Failure   Level
 Beastly Appendage        Tmut           0%         N/A       43%         1
 Wereblood                Tmut           0%         N/A       56%         2
 Spider Form              Tmut/Pois      0%         N/A       80%         3


Dungeon Overview and Level Annotations

Branches:
Dungeon (3/15)

Shops:
D:2 [

Annotations:
D:2 Natasha, Robin, Sigmund
D:3 1 transporter


Innate Abilities, Weirdness & Mutations

You have an increased reservoir of magic. (+10% MP)
You shall have no god before yourself.
Your divine heritage dramatically boosts your attributes as you level up.


Message History

An orc comes into view. It is wielding a +0 club.
An orc and a ball python come into view.
Found 11 gold pieces.
The orc shouts!
The ball python hisses angrily.
An endoplasm comes into view.
The orc shouts!
The endoplasm quivers.
You hit the endoplasm.
The endoplasm is heavily wounded.
The endoplasm closely misses you.
You hit the endoplasm.
You kill the endoplasm!
You hit the orc priest.
The orc priest is moderately wounded.
The orc misses you.
The orc priest calls down the wrath of Beogh upon you.
Pain shoots through your body!
You closely miss the orc priest.
You punch the orc priest, but do no damage.
The orc priest is moderately wounded.
The orc priest invokes the aid of Beogh against you.
Beogh smites you!
* * * LOW HITPOINT WARNING * * *
The orc misses you.
You are too injured to fight recklessly!
The orc attacks as you move away! The orc closely misses you.
The orc priest mumbles some strange prayers to Beogh against you.
Pain shoots through your body!
* * * LOW HITPOINT WARNING * * *
You closely miss the orc. The orc attacks as you move away!
The orc completely misses you.
It was a potion of ambrosia.
You are confused.
You feel invigorated. The orc misses you.
The orc priest hits you but does no damage.
The orc hits you with a +0 hand axe.
* * * LOW HITPOINT WARNING * * *
The orc attacks as you move away! The orc hits you with a +0 hand axe.
You die...

#...# $. . ##...#
.## .. #....#
...#.. ..
#...###......
..#.##....w......
#...©#..#.#
##.SJ.# #.oo###
#.o@# ### ##..#
#... #..# :..
##..# ####...# .
##......#
..##.......#
..........#
..........#


You could see a worm, an orc priest, 2 orcs, an endoplasm and a ball python.

Vanquished Creatures
  2 adders (D:2)
  A worm (D:2)
  3 dart slugs
  An orc (D:3)
  6 bats
  4 endoplasms
  3 giant cockroaches
  2 goblins (D:2)
  5 hobgoblins
  4 jackals
  3 quokkas (D:2)
  3 ball pythons
  2 frilled lizards
  A kobold (D:3)
  A rat (D:2)
41 creatures vanquished.

Notes
Turn   | Place    | Note
-------+----------+-------------------------------------------
     0 | D:1      | wormed the Demigod Gladiator began the quest for the Orb.
     0 | D:1      | Reached XP level 1. HP: 17/17 MP: 3/3
   403 | D:1      | Reached XP level 2. HP: 21/24 MP: 4/4
  1202 | D:2      | Reached XP level 3. HP: 20/29 MP: 5/5
  1313 | D:2      | Found Zuddacyi's Antique Armour Boutique.
  1908 | D:2      | Noticed Sigmund
  1908 | D:2      | Noticed Robin
  1908 | D:2      | Noticed Natasha
  2131 | D:3      | Found a transporter.
  2140 | D:3      | HP: 1/30 [orc priest/nerve-wracking pain (2)]
  2145 | D:3      | Slain by an orc

Illustrated notes

Levels and vault maps discovered:
D:1:      nicolae_arrival_memento_mori, layout_loops_cross
D:2:      layout_basic, serial_shops, nicolae_shop_waterfront,
          chequers_serial_rivers_micro_d, uniq_sigmund, uniq_robin, uniq_natasha
D:3:      layout_basic, gammafunk_ghost_abyssal_escape,
          kennysheep_decorative_pillar

Skill      XL: |  1  2 |
---------------+-------+-----
Fighting       | 2 |  2.5
Long Blades    | 3 |  3.8
Throwing       | 2 |  2.0
Dodging        | 3 |  3.0

Action                   || total
-------------------------++-------
Melee: Long sword        ||   151
       Punch             ||     3
  Use: Potion            ||     1
 Stab: Sleeping          ||     1
Armor: Leather armour    ||    53
Dodge: Dodged            ||   149
